AoeStats
← MacDaThox

Nomad

510015181Analyzed
4v4 RM · 4d ago on Sep 29, 2026· 47m 19s· 8 players
Game mode
Random Map
Map size
231×231
Population
200
Speed
Normal
Resources
Standard
Victory
Conquest
Starting age
Dark Age
Ending age
Imperial Age
RankedLock teamsTeams togetherTeam positionsShared explorationLock speedFull tech treeHidden civsTurbo modeCheats
Victory
Defeat
🇺🇸 Dravidians · United States
1400
+8
🇺🇸 Varangians · United States
1270
+13
🇺🇸 Mapuche · United States
1195
+15
🇺🇸 Spanish · United States
1136
+17
🇨🇱 Japanese · Chile
1219
-14
🇦🇷 Varangians · Argentina
1214
-14
🇨🇱 Franks · Chile
1182
-13
🇨🇴 Celts · Colombia
1169
-12
MacDaThox
8:22 Loom
14:49 Feudal Age
22:36 Castle Age
21:08 Double-Bit Axe
24:25 Husbandry
24:35 Scale Barding Armor
25:26 Forging
26:04 Bow Saw
28:12 Chain Barding Armor
38:39 Iron Casting
42:41 Herbal Medicine
45:46 Murder Holes
Junioronga
9:33 Loom
13:54 Feudal Age
17:27 Castle Age
15:14 Double-Bit Axe
15:13 Fishing Lines
15:44 Horse Collar
16:13 Fletching
17:06 Padded Archer Armor
18:15 Bloodlines
18:28 Bodkin Arrow
19:18 Husbandry
19:24 Town Watch
21:14 Wheelbarrow
21:14 Leather Archer Armor
22:23 Gold Mining
25:18 Ballistics
26:31 Squires
34:53 Imperial Age
32:51 Scale Mail Armor
33:15 Forging
33:25 Stone Mining
34:11 Gold Shaft Mining
34:25 Bow Saw
34:19 Heavy Plow
35:04 Hand Cart
35:05 Chain Mail Armor
35:26 Iron Casting
35:10 Arson
36:10 Kataparuto
36:11 Conscription
35:36 Treadmill Crane
35:58 Bracer
39:11 Ring Archer Armor
39:45 Siege Engineers
39:55 Guard Tower
41:20 Parthian Tactics
40:23 Heavy Cavalry Archer
41:09 Thumb Ring
41:05 Pikeman
45:21 Keep
44:32 Arrowslits
46:44 Chemistry
hargir
4:41 Loom
15:55 Feudal Age
16:33 Double-Bit Axe
22:47 Castle Age
24:03 Bow Saw
43:45 Imperial Age
42:16 Wheelbarrow
44:47 Horse Collar
44:53 Capped Ram
Mysa_
3:39 Loom
13:42 Feudal Age
17:57 Castle Age
20:31 Horse Collar
20:59 Fletching
23:21 Double-Bit Axe
23:53 Town Watch
30:18 Scale Barding Armor
31:25 Wheelbarrow
34:44 Imperial Age
32:54 Forging
33:38 Chain Barding Armor
33:25 Heavy Plow
33:59 Hand Cart
34:48 Iron Casting
34:57 Husbandry
35:42 Bloodlines
35:28 Cavalier
37:34 Blast Furnace
36:24 Vendel Legacy
38:26 Plate Barding Armor
38:21 Conscription
38:27 Stone Mining
41:04 Light Cavalry
45:27 Bodkin Arrow
45:35 Hussar
the fgzb
5:04 Loom
14:34 Feudal Age
18:29 Castle Age
17:16 Fletching
19:51 Double-Bit Axe
21:00 Medium Warships
21:12 Bodkin Arrow
23:51 Horse Collar
29:30 Heavy Plow
29:40 Bow Saw
29:22 Gold Mining
31:36 Padded Archer Armor
32:21 Wheelbarrow
31:33 Town Watch
33:49 Leather Archer Armor
37:32 Imperial Age
35:40 Malon
37:03 Hand Cart
37:28 Gold Shaft Mining
37:38 Elite Bolas Rider
39:23 Ballistics
40:11 Chemistry
41:17 Ring Archer Armor
41:49 Conscription
41:43 Butalmapu
43:08 Siege Engineers
44:18 Forging
44:08 Scale Mail Armor
[LMB] Ginger le Grand
13:07 Feudal Age
18:26 Castle Age
17:19 Fishing Lines
19:25 Medium Warships
19:21 Double-Bit Axe
19:25 Loom
22:24 Town Watch
25:18 Wheelbarrow
25:10 Gillnets
27:42 Scale Barding Armor
27:47 Forging
28:55 Bow Saw
28:27 Horse Collar
33:25 Imperial Age
32:01 Gold Mining
33:20 Hand Cart
36:43 Chain Barding Armor
36:58 Iron Casting
36:15 Fletching
38:56 Conscription
40:21 Town Patrol
[LMB] Gudabeg
9:52 Loom
14:01 Feudal Age
14:11 Feudal Age
16:26 Fishing Lines
19:14 Castle Age
18:31 Stone Mining
18:34 Double-Bit Axe
18:48 Loom
19:42 Wheelbarrow
19:38 Gold Mining
21:22 Bow Saw
20:54 Horse Collar
21:19 Gillnets
22:27 Stone Shaft Mining
24:09 Scale Barding Armor
25:40 Husbandry
25:51 Bloodlines
26:05 Horse Collar
29:59 Ballistics
30:10 Chain Barding Armor
37:13 Hand Cart
36:43 Town Watch
38:09 Pikeman
38:49 Squires
38:35 Arson
[LMB] xvedejas
12:48 Feudal Age
11:16 Loom
13:03 Feudal Age
17:30 Castle Age
16:19 Fletching
18:25 Medium Warships
19:06 Wheelbarrow
21:01 Wheelbarrow
23:44 Hand Cart
24:13 Horse Collar
27:45 Double-Bit Axe
33:12 Bodkin Arrow
34:53 Gold Mining
36:22 Elite Skirmisher
41:08 Imperial Age
47:43 Bow Saw
Connection lost

Rejoining the realm…

Still unreachable

The connection could not be restored.

Session expired

The server has moved on; the page needs a fresh start.